 Dungeon Crawl Stone Soup version 0.21.1-1-g345015fe64 (webtiles) character file.

346880 Jannitor the Brawler (level 21, 0/208 HPs)
             Began as a Vampire Chaos Knight on May 18, 2018.
             Killed from afar by a deep troll earth mage (26 damage)
             ... with a blast of rock fragments
             ... on level 2 of the Depths on May 19, 2018.
             The game lasted 02:36:49 (47292 turns).

Jannitor the Brawler (Vampire Chaos Knight)        Turns: 47292, Time: 02:36:49

Health: 0/208      AC: 18    Str: 18    XL:     21   Next: 20%
Magic:  32/32      EV: 14    Int: 24    God:    Xom [*.....]
Gold:   173        SH:  0    Dex: 14    Spells: 28/34 levels left

rFire    + + .     SeeInvis +     - Unarmed
rCold    + + .     Gourm    .   (shield currently unavailable)
rNeg     . . .     Faith    .   j - +0 chain mail of Tomorrow {rF+ rC- Regen+ Int+3}
rPois    +         Spirit   .   a - +0 helmet of Indomitability {rC+} (curse)
rElec    +         Reflect  .   h - scarf {rC+ rF+}
rCorr    +         Harm     .   (gloves currently unavailable)
MR       ++...     Rnd*Rage +   E - +2 pair of boots {run}
Stlth    ..........             f - amulet of regeneration
HPRegen  1.44/turn              U - ring of poison resistance
MPRegen  0.23/turn              r - ring of resist corrosion

@: about to teleport, blade hands, regenerating quickly, hasted, studying
Summonings, very quick
A: claws 1, fangs 3, hooves 1, repulsion field 1, molten scales 1, slimy green
scales 1, see invisible, berserk 1, clever 2, cold resistance 1, deformed body,
robust 2, electricity resistance, unbreathing
}: 2/15 runes: barnacled, gossamer
a: End Transformation, Renounce Religion


You were on level 2 of the Depths.
You worshipped Xom.
You were a special plaything of Xom.
You were very full.
You had blades for hands.
You visited 8 branches of the dungeon, and saw 41 of its levels.
You visited the Abyss 1 time.
You visited 1 bazaar.
You also visited: Ossuary and Ice Cave.

You collected 4148 gold pieces.
You spent 3975 gold pieces at shops.

Inventory:

Armour
 a - the cursed +0 helmet of Indomitability (worn) {rC+}
   (You bought it in a shop on level 2 of the Orcish Mines)

   It protects you from cold.
   It has a curse placed upon it.
 h - a scarf of resistance (worn)
 j - the +0 chain mail of Tomorrow (worn) {rF+ rC- Regen+ Int+3}
   (You bought it in a shop on level 2 of the Orcish Mines)

   It affects your intelligence (+3).
   It protects you from fire.
   It makes you vulnerable to cold.
   It increases your rate of regeneration.
 E - a +2 pair of boots of running (worn)
 F - a +4 shield of reflection (melded)
Jewellery
 c - an uncursed ring of flight
 f - an amulet of regeneration (around neck)
 r - a ring of resist corrosion (right scythe-like blade)
 s - an uncursed ring of wizardry
 U - a ring of poison resistance (left scythe-like blade)
Wands
 y - a wand of flame (122)
 A - a wand of disintegration (17)
 G - a wand of digging (18)
 L - a wand of polymorph (7)
 R - a wand of clouds (9)
 T - a wand of iceblast (42)
 W - a wand of paralysis (18)
 X - a wand of acid (2)
Scrolls
 e - 6 scrolls of magic mapping
 g - 12 scrolls of identify
 i - 4 scrolls of immolation
 o - 10 scrolls of amnesia
 v - 7 scrolls of enchant weapon
 z - a scroll of vulnerability
 H - 9 scrolls of remove curse
 K - 3 scrolls of fog
Potions
 b - 25 potions of blood
 d - 7 potions of lignification
 l - 6 potions of haste
 n - 3 potions of curing
 u - 6 potions of brilliance
 B - 4 potions of ambrosia
 C - a potion of might
 D - a potion of resistance
 O - a potion of berserk rage
 Q - a potion of magic
 S - 3 potions of flight
 Z - 4 potions of mutation
Books
 w - a book of Summonings

   Spells                             Type                      Level
   a - Recall                         Summoning/Translocation      3
   b - Aura of Abjuration             Summoning                    5
   c - Summon Demon                   Summoning                    5
   d - Summon Forest                  Summoning/Translocation      5
   e - Summon Mana Viper              Hexes/Summoning              5
   f - Shadow Creatures               Summoning                    6
 Y - a manual of Summonings
Miscellaneous
 p - a box of beasts
 q - a lamp of fire


   Skills:
 + Level 17.2 Fighting
 + Level 13.8 Armour
 - Level 9.1 Dodging
 - Level 15.3 Shields
 - Level 18.8 Unarmed Combat
 + Level 7.4 Spellcasting
 + Level 6.1 Summonings
 - Level 12.0 Transmutations
 - Level 8.1 Evocations


You had 28 spell levels left.
You knew the following spells:

 Your Spells              Type           Power        Failure   Level  Hunger
a - Blade Hands           Tmut           ######....   43%         5    #####..
b - Summon Butterflies    Summ           #####...     28%         1    None


Dungeon Overview and Level Annotations

Branches:
Dungeon (15/15)            Temple (0/1) D:6            Lair (6/6) D:8
 Shoals (4/4) Lair:4       Spider (4/4) Lair:4        Slime (0/5) Lair:5
    Orc (2/2) D:11            Elf (2/3) Orc:2        Vaults (5/5) D:13
  Crypt (0/3) Vaults:3     Depths (3/5) D:15

Altars:
Kikubaaqudgha
Okawaru
Qazlal
Trog
Xom
Zin
Beogh

Shops:
D:5 %   D:6 }   Orc:1 [   Orc:2 ([*=   Shoals:1 :   Shoals:2 ?=*   Vaults:2 (

Portals:
Hell: Depths:1

Annotations:
D:3 GeorgeFormbyGrill's ghost, amateur MiBe
D:7 2 transporters
Lair:1 exclusions: hydra and oklob plant
Lair:6 1 runed door
Elf:2 3 runed doors


Innate Abilities, Weirdness & Mutations

Your natural rate of healing is unusually fast.
You have razor-sharp teeth.
You have supernaturally acute eyesight. (SInv)
You can survive without breathing.
You have sharp fingernails.
You have large cloven feet.
You are surrounded by a mild repulsion field. (EV +2)
You are partially covered in molten scales. (AC +2)
You are partially covered in slimy green scales. (AC +2)
You tend to lose your temper in combat.
Your mind is very acute. (Int +4)
Your flesh is cold resistant. (rC+)
Armour fits poorly on your strangely shaped body.
You are very robust. (+20% HP)
You are resistant to electric shocks. (rElec)


Message History

Unknown command.
A deep troll shaman comes into view.
The deep troll shaman shouts!
A deep troll shaman comes into view.
As you read the scroll of teleportation, it crumbles to dust.
You feel strangely unstable.
Some rock shatters into small pieces.
Found a stone staircase leading up.
Unknown command.
The deep troll earth mage points next to the deep troll and mumbles some strange words.
Some rock shatters into small pieces.
The deep troll earth mage casts a spell past you.
The wall shatters!
The blast of rock fragments hits you!
Unknown command.
The deep troll earth mage casts a spell at the deep troll.
The wall shatters!
The blast of rock fragments hits you!
Unknown command.
You found a pressure plate!
Unknown command.
The wall shatters!
The blast of rock fragments hits you!
You die...

#...... #..##/......
#......T#..##......#
........#..[........
..........(.T.......
....................
##.##.[.....T......
##^##..##(.........
#..###.##.T........
#@...T.cT..T......
#.##..............
#.##..............
#.##....#.........
#.........#.......
##.#....... #.
##..........
#.........
##.......#


You could see a deep troll, a deep troll earth mage and a yaktaur.

Vanquished Creatures
  Frederick (Vaults:4)
  Nikola (Spider:1)
  A lich (Depths:1)
  Arachne (Spider:3)
  Jorgrun (Spider:2)
  Asterion (Spider:4)
  2 krakens
  A tentacled starspawn (Abyss:3)
  Frances (D:14)
  Kirke (Lair:6)
  2 sphinxes (Vaults:3)
  Agnes (Spider:1)
  A tengu reaver (Depths:1)
  Ilsuiw (Shoals:4)
  A fire giant (Vaults:4)
  A ghost moth (shapeshifter) (D:14)
  10 emperor scorpions
  An orc warlord (Orc:2)
  9 vault wardens
  Aizul (Spider:1)
  4 frost giants
  A deep elf sorcerer (Elf:1)
  3 ghost moths
  5 stone giants
  The ghost of yann the Bewitcher, an adept SpEn of Ashenzari (Shoals:2)
  12 ironheart preservers
  2 entropy weavers (Spider:2)
  6 very ugly things
  Azrael (D:13)
  Nessos (Lair:5)
  A red draconian (Abyss:3)
  A deep elf demonologist (Elf:2)
  3 spark wasps
  6 merfolk impalers
  6 ettins
  A deep elf death mage (Elf:1)
  7 merfolk javelineers (Shoals:4)
  2 fire dragons
  7 yaktaur captains
  4 vault guards
  6 great orbs of eyes
  4 rakshasas
  4 ice dragons
  An ice dragon (shapeshifter) (Elf:1)
  2 merfolk avatars
  A catoblepas (Lair:6)
  9 hydras
  3 merfolk aquamancers
  9 centaur warriors
  A death knight (Vaults:3)
  10 dancing weapons
  12 ogre magi
  4 tengu warriors
  34 two-headed ogres
  The ghost of GeorgeFormbyGrill the Spear-Bearer, a novice MiCK of Xom (D:9)
  2 orc high priests
  3 satyrs
  2 deep troll shamans (Depths:1)
  A deep troll earth mage (Vaults:3)
  A titan zombie (Vaults:4)
  A spriggan berserker (Depths:2)
  A hell hog (Depths:1)
  8 deep elf knights
  Nergalle (Lair:3)
  A thrashing horror (Abyss:3)
  A sixfirhy (Abyss:3)
  2 iron trolls (Depths:1)
  9 sea snakes
  9 large abominations
  4 deep trolls
  A sea snake (shapeshifter) (D:12)
  An unseen horror (shapeshifter) (Vaults:4)
  2 flayed ghosts (Vaults:3)
  3 glowing orange brains
  9 skeletal warriors
  5 unseen horrors
  The ghost of BirdOfPrey the Fighter, a novice DEWz (D:7)
  2 lindwurms (Lair:6)
  An orange crystal statue (Shoals:3)
  A wolf spider zombie (D:15)
  9 orc knights
  5 deep elf archers
  5 necromancers
  A stone giant zombie (Vaults:4)
  A wizard (Vaults:1)
  9 orc sorcerers
  25 wolf spiders
  6 ironbrand convokers
  31 harpies
  11 fauns
  10 manticores
  A manticore (shapeshifter) (Spider:1)
  18 orb spiders
  30 deep elf magi
  A shining eye (Shoals:4)
  29 ugly things
  2 moths of wrath
  2 frost giant skeletons (Vaults:3)
  2 fire giant skeletons (Vaults:3)
  A worldbinder (Abyss:3)
  A moth of wrath (shapeshifter) (Vaults:3)
  6 cyclopes
  5 black mambas
  A water nymph (shapeshifter) (Vaults:4)
  7 vault sentinels
  An elephant (Lair:4)
  3 water nymphs
  A guardian serpent (Shoals:2)
  11 merfolk sirens
  A stone giant skeleton (Vaults:3)
  2 ice statues (IceCv)
  2 smoke demons (Abyss:3)
  3 gargoyles
  7 torpor snails
  An apocalypse crab (Abyss:3)
  21 yaktaurs
  6 spiny frogs
  An orange demon (Abyss:3)
  A yaktaur (shapeshifter) (Vaults:4)
  7 komodo dragons
  4 freezing wraiths
  6 kobold demonologists
  2 ancient zymes (Abyss:3)
  5 demonic crawlers
  8 ice devils (IceCv)
  An efreet (D:15)
  A queen bee (shapeshifter) (Vaults:4)
  A yaktaur skeleton (Vaults:3)
  4 polar bears (Lair:3)
  2 queen bees
  A shadow dragon simulacrum (Abyss:3)
  9 meliai
  7 trolls
  Grinder (D:3)
  16 hornets
  A troll (shapeshifter) (Vaults:3)
  3 tyrant leeches (Lair:6)
  20 merfolk
  24 slime creatures
  19 jumping spiders
  3 tengu conjurers
  A wind drake (Shoals:1)
  A tengu simulacrum (Vaults:4)
  A tyrant leech (shapeshifter) (Elf:1)
  8 blink frogs
  6 raiju (Abyss:3)
  Prince Ribbit (D:7)
  8 hippogriffs
  2 dream sheep (Shoals:1)
  70 redbacks
  3 snapping turtles
  9 water elementals
  A spriggan (shapeshifter) (Vaults:3)
  2 shadows
  3 air elementals (Elf:1)
  An ettin skeleton (Vaults:3)
  26 tarantellas
  A tarantella (shapeshifter) (Vaults:2)
  4 wraiths (Lair:6)
  3 wyverns
  20 yaks
  A vampire (D:15)
  2 fire elementals
  3 basilisks
  3 hogs
  A golden eye (Vaults:1)
  A golden eye (shapeshifter) (Vaults:2)
  2 vampire mosquitoes (D:15)
  A human simulacrum (Vaults:4)
  4 hungry ghosts
  A naga (shapeshifter) (Vaults:1)
  4 wargs
  4 acid dragons
  10 water moccasins
  11 porcupines
  14 hell hounds
  10 black bears
  4 sky beasts
  37 orc warriors
  An eye of draining (Abyss:3)
  2 ice beasts
  3 necrophages
  39 ogres
  15 wolves
  16 centaurs
  5 human skeletons
  7 boggarts
  9 crocodiles
  A crocodile (shapeshifter) (D:15)
  18 bullfrogs
  4 big kobolds
  4 elf zombies
  A gnoll sergeant (D:9)
  2 earth elementals
  4 scorpions
  7 small abominations (Abyss:3)
  A water moccasin skeleton (D:8)
  2 wyvern skeletons
  16 wights
  38 killer bees
  9 howler monkeys
  5 electric eels
  9 crimson imps
  8 centaur zombies
  3 bullfrog zombies
  7 hounds
  5 human zombies
  6 jellies
  9 centaur skeletons
  16 orc priests
  A bullfrog skeleton (D:12)
  Ijyb (D:3)
  2 iguanas
  7 worker ants
  26 orc wizards
  2 ogre zombies (Ossuary)
  A hound zombie (D:10)
  7 mummies (Ossuary)
  A worker ant zombie (D:5)
  10 gnolls
  15 adders
  A river rat (Orc:2)
  3 shadow imps
  8 white imps (IceCv)
  3 ufetubi (IceCv)
  5 adder zombies
  An adder skeleton (D:4)
  6 worms
  2 dart slugs
  6 leopard geckos
  83 orcs
  6 giant cockroaches
  8 goblins
  7 hobgoblins
  6 jackals
  A quokka (D:8)
  8 bats
  2 frilled lizards
  4 goblin zombies (Ossuary)
  3 hobgoblin zombies (Ossuary)
  A jackal skeleton (D:5)
  22 kobolds
  4 kobold zombies (Ossuary)
  An orc zombie (Ossuary)
  A quokka skeleton (D:8)
  5 quokka zombies (Ossuary)
  4 rats
  3 rat zombies (Ossuary)
  A plant (Lair:4)
  3 tentacles (Shoals:3)
1548 creatures vanquished.

Vanquished Creatures (collateral kills)
  Gastronok (D:12)
  A vault warden (Vaults:4)
  A stone giant (Depths:1)
  A vault guard (Vaults:4)
  A rakshasa (Depths:1)
  A hydra (D:13)
  3 two-headed ogres (Depths:1)
  An ogre mage (Depths:1)
  A tengu warrior (Depths:1)
  An orc knight (D:15)
  A deep elf mage (Vaults:4)
  An orb spider (Spider:3)
  A torpor snail (Lair:6)
  A merfolk siren (Lair:4)
  A centaur skeleton (D:13)
  6 yaktaurs
  3 ice devils (IceCv)
  A hornet (Lair:6)
  2 blink frogs (Lair:3)
  3 merfolk
  A slime creature (D:15)
  A redback (Spider:1)
  2 tarantellas (Spider:3)
  2 yaks (Lair:2)
  3 orc warriors
  A porcupine (Lair:4)
  5 centaurs
  3 ogres (Depths:1)
  2 big kobolds (D:13)
  An orc wizard (D:14)
  3 orcs
56 creatures vanquished.

Vanquished Creatures (others)
  A reaper (IceCv)
  2 merfolk javelineers (Shoals:4)
  A yaktaur captain (Vaults:2)
  A vault guard (Vaults:2)
  A death knight (Vaults:3)
  2 dancing weapons
  A deep elf knight (Elf:1)
  An ironbrand convoker (Vaults:2)
  A wizard (D:5)
  An ugly thing (Vaults:1)
  A faun (Shoals:3)
  A cyclops (Shoals:1)
  A human skeleton (Vaults:4)
  4 yaktaurs
  2 redbacks (Spider:4)
  4 humans (Lair:6)
  A human simulacrum (Vaults:1)
  2 vampire mosquitoes (D:15)
  A hell hound (D:13)
  An ogre (Vaults:1)
  A boggart (Vaults:1)
  A crocodile (Lair:6)
  An ogre zombie (Ossuary)
  6 white imps (IceCv)
  3 ufetubi
  An orc (Elf:2)
  2 bushes
  9 fungi
  11 plants
  2 starspawn tentacles (Abyss:3)
  38 tentacles
105 creatures vanquished.

Grand Total: 1709 creatures vanquished

Notes
Turn   | Place    | Note
-------+----------+-------------------------------------------
     0 | D:1      | Jannitor the Vampire Chaos Knight began the quest for the Orb.
     0 | D:1      | Reached XP level 1. HP: 17/17 MP: 1/1
   334 | D:1      | Reached XP level 2. HP: 23/23 MP: 2/2
   427 | D:1      | Reached skill level 4 in Unarmed Combat
   516 | D:1      | XOM: give mutations
   516 | D:1      | Gained mutation: You have a somewhat thin skeletal structure. (Dex +2, Stealth) [Xom's grace]
   516 | D:1      | Gained mutation: You have large cloven feet. [Xom's grace]
   516 | D:1      | Gained mutation: You are covered in fur. (AC +1) [Xom's grace]
   608 | D:1      | XOM: give mutations
   608 | D:1      | Gained mutation: You passively map a small area around you. [Xom's grace]
   608 | D:1      | Gained mutation: You are robust. (+10% HP) [Xom's grace]
   608 | D:1      | Gained mutation: You have a pair of small horns on your head. [Xom's grace]
   904 | D:2      | Lost mutation: You passively map a small area around you. [potion of mutation]
   904 | D:2      | Lost mutation: You are robust. (+10% HP) [potion of mutation]
   904 | D:2      | Lost mutation: You have a pair of small horns on your head. [potion of mutation]
   904 | D:2      | Lost mutation: You have large cloven feet. [potion of mutation]
   904 | D:2      | Gained mutation: You are partially covered in slimy green scales. (AC +2) [potion of mutation]
   904 | D:2      | Gained mutation: Your body sometimes deteriorates upon taking damage. [potion of mutation]
   904 | D:2      | Gained mutation: You are robust. (+10% HP) [potion of mutation]
   904 | D:2      | Gained mutation: You are resistant to electric shocks. (rElec) [potion of mutation]
   978 | D:2      | XOM: god gift: transparent robe {god gift}
   979 | D:2      | Got a transparent robe {god gift}
   982 | D:2      | XOM: potion effect (invisibility)
   984 | D:2      | XOM: harmless Fire miscast
   985 | D:2      | Reached XP level 3. HP: 31/31 MP: 3/3
  1063 | D:2      | Identified the cursed +1 robe "Koam" {rElec MR+} (Xom gifted it to you on level 2 of the Dungeon)
  1283 | D:2      | XOM: butterfly on damage
  1305 | D:2      | Found an iron altar of Okawaru.
  1554 | D:2      | Reached XP level 4. HP: 29/38 MP: 4/4
  1566 | D:2      | XOM: harmless Pois miscast
  1661 | D:3      | Noticed Ijyb
  1668 | D:3      | XOM: silly message
  1674 | D:3      | Killed Ijyb
  1674 | D:3      | Reached skill level 5 in Unarmed Combat
  1707 | D:3      | Reached XP level 5. HP: 27/46 MP: 5/5
  1806 | D:3      | Noticed Grinder
  1816 | D:3      | XOM: harmless Pois miscast
  1818 | D:3      | Reached skill level 6 in Unarmed Combat
  1820 | D:3      | XOM: polymorph Grinder -> Grinder
  1824 | D:3      | Killed Grinder
  1824 | D:3      | Reached skill level 7 in Unarmed Combat
  1824 | D:3      | Reached XP level 6. HP: 53/53 MP: 6/6
  1831 | D:3      | Noticed GeorgeFormbyGrill's ghost (amateur MiBe)
  1998 | D:4      | Reached XP level 7. HP: 54/60 MP: 7/7
  2062 | D:4      | Got a fabulously ornate robe
  2063 | D:4      | Identified the +0 robe of Objectivity {rF++ Str-5} (You found it on level 4 of the Dungeon)
  2358 | D:4      | XOM: give mutations
  2358 | D:4      | Gained mutation: Your spells are a little harder to cast, but a little more powerful. [Xom's grace]
  2358 | D:4      | Gained mutation: Your system is resistant to poisons. (rPois) [Xom's grace]
  2378 | D:4      | XOM: divination: magic mapping
  2636 | D:5      | Entered Level 5 of the Dungeon
  2681 | D:5      | Reached skill level 8 in Unarmed Combat
  2758 | D:5      | Reached skill level 5 in Fighting
  3050 | D:5      | XOM: summons 5 friendly demons
  3169 | D:5      | Found a bloodstained altar of Trog.
  3170 | D:5      | Noticed a wizard
  3175 | D:5      | XOM: summons 7 friendly demons
  3175 | D:5      | Killed a wizard
  3253 | D:5      | Found Milamura's Food Shop.
  3561 | D:6      | Found a sand-covered staircase.
  3568 | Ossuary  | Entered an ossuary
  3642 | Ossuary  | Reached XP level 8. HP: 58/68 MP: 8/8
  3687 | Ossuary  | XOM: medium Fire miscast
  3702 | Ossuary  | XOM: give mutations
  3702 | Ossuary  | Gained mutation: Your spells are harder to cast, but more powerful. [Xom's grace]
  3702 | Ossuary  | Gained mutation: You have sharp fingernails. [Xom's grace]
  3847 | Ossuary  | Reached skill level 9 in Unarmed Combat
  3929 | Ossuary  | XOM: scenery: 1 doors open, 1 doors close
  4087 | D:6      | Found a staircase to the Ecumenical Temple.
  4265 | D:6      | XOM: 10-stop teleportation journey
  4403 | D:6      | XOM: harmless Tmut miscast
  4417 | D:6      | XOM: smoke on damage
  4622 | D:6      | Found Ronn's Gadget Shop.
  4625 | D:6      | Bought a wand of disintegration (17) for 231 gold pieces
  5134 | D:7      | Noticed Prince Ribbit
  5141 | D:7      | Killed Prince Ribbit
  5141 | D:7      | Reached skill level 5 in Dodging
  5141 | D:7      | Reached skill level 10 in Unarmed Combat
  5141 | D:7      | Reached skill level 1 in Evocations
  5179 | D:7      | Found a transporter.
  5191 | D:7      | Reached XP level 9. HP: 71/75 MP: 10/10
  5226 | D:7      | Found a transporter.
  5248 | D:7      | Noticed BirdOfPrey's ghost (novice DEWz)
  5259 | D:7      | Killed BirdOfPrey's ghost
  5292 | D:7      | Noticed a troll
  5294 | D:7      | XOM: snakes to sticks
  5305 | D:7      | Killed a troll
  5461 | D:7      | XOM: god gift: scroll of enchant weapon
  5499 | D:7      | XOM: noise
  5782 | D:8      | XOM: confuse monster(s)
  5785 | D:8      | Reached skill level 11 in Unarmed Combat
  5967 | D:8      | Noticed a two-headed ogre
  5973 | D:8      | Killed a two-headed ogre
  5973 | D:8      | Reached XP level 10. HP: 63/85 MP: 12/12
  6281 | D:8      | Found a staircase to the Lair.
  6294 | D:8      | XOM: confusion
  6299 | D:8      | XOM: scenery: create altars
  6301 | D:8      | Reached skill level 12 in Unarmed Combat
  6311 | D:8      | XOM: give mutations
  6311 | D:8      | Lost mutation: You are robust. (+10% HP) [Xom's mischief]
  6311 | D:8      | Gained mutation: Your body often deteriorates upon taking damage. [Xom's mischief]
  6532 | D:8      | XOM: mild Summ miscast
  6558 | D:8      | XOM: mild Tmut miscast
  6558 | D:8      | XOM: smoke on damage
  6611 | D:9      | Found a glowing silver altar of Zin.
  6665 | D:9      | XOM: fake destruction
  6680 | D:9      | Lost mutation: You are covered in fur. (AC +1) [potion of mutation]
  6680 | D:9      | Lost mutation: Your spells are harder to cast, but more powerful. [potion of mutation]
  6680 | D:9      | Lost mutation: You have a somewhat thin skeletal structure. (Dex +2, Stealth) [potion of mutation]
  6680 | D:9      | Lost mutation: Your body often deteriorates upon taking damage. [potion of mutation]
  6680 | D:9      | Gained mutation: You are robust. (+10% HP) [potion of mutation]
  6680 | D:9      | Gained mutation: You have a pair of small horns on your head. [potion of mutation]
  6825 | D:9      | Noticed GeorgeFormbyGrill's ghost (novice MiCK)
  6848 | D:9      | Killed GeorgeFormbyGrill's ghost
  6848 | D:9      | Reached skill level 1 in Shields
  6864 | D:9      | Noticed a centaur warrior
  6869 | D:9      | Killed a centaur warrior
  6869 | D:9      | Reached skill level 5 in Evocations
  6899 | D:9      | XOM: enchant monster (good)
  6919 | D:9      | XOM: divination: magic mapping
  6938 | D:9      | XOM: divination: detect creatures
  6939 | D:9      | XOM: summons friendly shadow imp
  7047 | D:9      | XOM: 1-stop teleportation journey
  7092 | D:9      | XOM: summons 2 hostile demons
  7093 | D:9      | Noticed an orange demon
  7097 | D:9      | XOM: 3-stop teleportation journey
  7114 | D:9      | XOM: blink monster(s)
  7126 | D:9      | XOM: noise
  7129 | D:9      | XOM: swap monsters
  7131 | D:9      | XOM: chaos cloud
  7132 | D:9      | XOM: swap monsters
  7139 | D:9      | XOM: confuse monster(s)
  7155 | D:9      | Reached XP level 11. HP: 72/93 MP: 14/14
  7258 | D:10     | Entered Level 10 of the Dungeon
  7263 | D:10     | XOM: smoke on damage
  7275 | D:10     | XOM: harmless Necr miscast
  7294 | D:10     | XOM: cleaving
  7399 | D:10     | XOM: enchant monster (bad)
  7409 | D:10     | XOM: scenery: create altars
  7665 | D:10     | Noticed an unseen horror
  7668 | D:10     | XOM: confusion (+ monsters)
  7671 | D:10     | XOM: divination: detect creatures
  7673 | D:10     | XOM: enchant monster (bad)
  7707 | D:10     | Killed an unseen horror
  7967 | D:10     | XOM: harmless Tmut miscast
  8001 | D:11     | Reached skill level 5 in Shields
  8060 | D:11     | Found a stormy altar of Qazlal.
  8100 | D:11     | XOM: stat loss: -1 Str (10/14)
  8110 | D:11     | Found a staircase to the Orcish Mines.
  8124 | D:11     | Noticed a four-headed hydra
  8126 | D:11     | Killed a four-headed hydra
  8128 | D:11     | Noticed an unseen horror
  8131 | D:11     | Killed an unseen horror
  8131 | D:11     | Reached skill level 13 in Unarmed Combat
  8136 | D:11     | XOM: fake destruction
  8182 | D:11     | XOM: harmless Air miscast
  8327 | D:11     | Identified the Volume of Necromancy and Calling
  8334 | D:11     | XOM: confuse monster(s)
  8344 | D:11     | XOM: potion effect (agility)
  8657 | D:12     | XOM: stealth player
  8759 | D:12     | XOM: confuse monster(s)
  8768 | D:12     | XOM: noise
  8886 | D:12     | XOM: divination: detect creatures
  8946 | D:12     | Noticed a two-headed ogre
  8949 | D:12     | XOM: cast spell 'Call Canine Familiar'
  8954 | D:12     | Killed a two-headed ogre
  8954 | D:12     | Reached XP level 12. HP: 104/104 MP: 15/17
  9167 | D:12     | XOM: mild Tloc miscast
  9170 | D:12     | XOM: noise
  9338 | D:12     | Noticed a yaktaur captain
  9348 | D:12     | Killed a yaktaur captain
  9361 | D:12     | XOM: divination: detect creatures
  9461 | D:12     | Noticed Gastronok
  9594 | D:12     | XOM: summons 2 hostile demons
  9624 | D:12     | Noticed a two-headed ogre
  9629 | D:12     | Killed a two-headed ogre
  9655 | D:12     | XOM: harmless Chrm miscast
  9722 | D:12     | XOM: enchant monster (good)
  9924 | D:12     | XOM: confusion
 10177 | D:12     | XOM: harmless Air miscast
 10204 | D:13     | XOM: blink monster(s)
 10234 | D:13     | XOM: repel stairs
 10263 | D:13     | XOM: give mutations
 10263 | D:13     | Lost mutation: You have a pair of small horns on your head. [Xom's mischief]
 10263 | D:13     | Lost mutation: Your body sometimes deteriorates upon taking damage. [Xom's mischief]
 10275 | D:13     | XOM: 1-stop teleportation journey
 10450 | D:13     | Noticed a tengu warrior
 10457 | D:13     | XOM: harmless Hex miscast
 10458 | D:13     | XOM: medium Chrm miscast
 10477 | D:13     | XOM: scenery: create altars
 10480 | D:13     | Killed a tengu warrior
 10480 | D:13     | Reached skill level 14 in Unarmed Combat
 10587 | D:13     | Noticed a two-headed ogre
 10591 | D:13     | Killed a two-headed ogre
 10604 | D:13     | XOM: swap monsters
 10605 | D:13     | Noticed Azrael
 10607 | D:13     | XOM: blink monster(s)
 10614 | D:13     | Reached skill level 10 in Fighting
 10755 | D:13     | Reached XP level 13. HP: 109/113 MP: 19/19
 10772 | D:13     | XOM: confusion
 10951 | D:13     | XOM: chaos upgrade
 10956 | D:13     | XOM: divination: magic mapping
 10963 | D:13     | XOM: cast spell 'Ring of Flames'
 10976 | D:13     | XOM: smoke on damage
 11145 | Lair:1   | Entered Level 1 of the Lair of Beasts
 11444 | Lair:1   | XOM: potion effect (curing)
 11503 | Lair:1   | Reached skill level 1 in Armour
 11587 | Lair:1   | XOM: give mutations
 11587 | Lair:1   | Lost mutation: Your system is resistant to poisons. (rPois) [Xom's mischief]
 11587 | Lair:1   | Gained mutation: Armour fits poorly on your strangely shaped body. [Xom's mischief]
 11587 | Lair:1   | Gained mutation: You are weak. (Str -2) [Xom's mischief]
 11635 | Lair:1   | XOM: harmless Conj miscast
 11659 | Lair:1   | XOM: harmless Air miscast
 11739 | Lair:1   | XOM: silly message
 11869 | Lair:1   | XOM: give mutations
 11869 | Lair:1   | Gained mutation: You occasionally shout uncontrollably at your foes. [Xom's mischief]
 11869 | Lair:1   | Gained mutation: Your magical capacity is low. (-10% MP) [Xom's mischief]
 11995 | Lair:1   | XOM: divination: detect creatures
 12202 | Lair:2   | Found a frozen archway.
 12226 | IceCv    | Entered an ice cave
 12350 | IceCv    | XOM: smoke on damage
 12450 | IceCv    | XOM: polymorph ice beast -> scorpion
 12453 | IceCv    | XOM: cloud trail
 12550 | IceCv    | Identified a +0 pair of boots of running (You found it in an ice cave)
 12591 | IceCv    | XOM: confuse monster(s)
 12630 | IceCv    | Killed a reaper
 12742 | IceCv    | XOM: blink monster(s)
 12768 | IceCv    | Reached skill level 10 in Shields
 13026 | Lair:2   | XOM: mild Air miscast
 13102 | Lair:2   | XOM: enchant monster (good)
 13103 | Lair:2   | XOM: polymorph yak -> hog
 13116 | Lair:2   | XOM: enchant monster (good)
 13172 | Lair:2   | XOM: confuse monster(s)
 13365 | Lair:2   | XOM: harmless Conj miscast
 13372 | Lair:2   | XOM: silly message
 13488 | Lair:3   | XOM: silly message
 13610 | Lair:3   | XOM: divination: detect creatures
 13712 | Lair:3   | XOM: scenery: create altars
 13851 | Lair:3   | XOM: swap monsters
 13858 | Lair:3   | XOM: harmless Pois miscast
 13874 | Lair:3   | XOM: swap monsters
 14017 | Lair:3   | XOM: scenery: create altars
 14071 | Lair:3   | Noticed Nergalle
 14074 | Lair:3   | XOM: cast spell 'Summon Mana Viper'
 14085 | Lair:3   | Killed Nergalle
 14200 | Lair:3   | XOM: give mutations
 14200 | Lair:3   | Gained mutation: You are partially covered in thin metallic scales. (AC +2) [Xom's grace]
 14200 | Lair:3   | Gained mutation: Your spells are harder to cast, but more powerful. [Xom's grace]
 14269 | Lair:3   | XOM: cloud trail
 14284 | Lair:3   | XOM: give mutations
 14284 | Lair:3   | Gained mutation: Your flesh is cold resistant. (rC+) [Xom's grace]
 14284 | Lair:3   | Gained mutation: You are somewhat resistant to further mutation. [Xom's grace]
 14401 | Lair:3   | XOM: cloud trail
 14451 | Lair:3   | XOM: mild Tloc miscast
 14468 | Lair:3   | XOM: give mutations
 14468 | Lair:3   | Gained mutation: You are resistant to hostile enchantments. (MR+) [Xom's grace]
 14468 | Lair:3   | Gained mutation: Your mind is acute. (Int +2) [Xom's grace]
 14468 | Lair:3   | Gained mutation: You have large cloven feet. [Xom's grace]
 14548 | Lair:4   | XOM: swap monsters
 14738 | Lair:4   | Found a staircase to the Shoals.
 14832 | Lair:4   | XOM: fog
 14989 | Lair:4   | XOM: 8-stop teleportation journey
 15106 | Lair:4   | XOM: god gift: book of Cantrips
 15109 | Lair:4   | XOM: silly message
 15213 | Lair:4   | XOM: noise
 15347 | Lair:4   | XOM: 9-stop teleportation journey
 15411 | Lair:4   | Found a hole to the Spider Nest.
 15726 | Lair:5   | XOM: stealth player
 15772 | Lair:5   | Noticed Nessos
 15773 | Lair:5   | Reached XP level 14. HP: 76/122 MP: 18/18
 15984 | Lair:5   | XOM: give mutations
 15984 | Lair:5   | Lost mutation: You occasionally shout uncontrollably at your foes. [Xom's mischief]
 15984 | Lair:5   | Lost mutation: You are partially covered in thin metallic scales. (AC +2) [Xom's mischief]
 15984 | Lair:5   | Lost mutation: You are somewhat resistant to further mutation. [Xom's mischief]
 15984 | Lair:5   | Lost mutation: Your magical capacity is low. (-10% MP) [Xom's mischief]
 16107 | Lair:5   | Killed Nessos
 16276 | Lair:5   | Found a staircase to the Slime Pits.
 16423 | Lair:5   | XOM: divination: detect creatures
 16449 | Lair:5   | XOM: scenery: create altars
 16525 | Lair:5   | Reached skill level 15 in Unarmed Combat
 16794 | Lair:6   | Entered Level 6 of the Lair of Beasts
 17001 | D:12     | Killed Gastronok
 17032 | D:13     | XOM: enchant monster (good)
 17112 | D:13     | XOM: destruction
 17124 | D:13     | XOM: divine lightning
 17128 | D:13     | XOM: cast spell 'Summon Hydra'
 17134 | D:13     | Killed Azrael
 17266 | D:13     | XOM: give mutations
 17266 | D:13     | Gained mutation: You can translocate small distances at will. [Xom's grace]
 17266 | D:13     | Gained mutation: You are surrounded by a mild repulsion field. (EV +2) [Xom's grace]
 17326 | D:13     | XOM: summons 8 friendly demons
 17420 | D:13     | XOM: cast spell 'Leda's Liquefaction'
 17428 | D:13     | XOM: summons 9 friendly demons
 17465 | D:13     | Found a gate to the Vaults.
 17634 | D:13     | XOM: cast spell 'Summon Butterflies'
 17890 | D:13     | XOM: give mutations
 17890 | D:13     | Gained mutation: Your spells are much harder to cast, but much more powerful. [Xom's grace]
 17890 | D:13     | Gained mutation: You are partially covered in molten scales. (AC +2) [Xom's grace]
 17890 | D:13     | Gained mutation: You are very robust. (+20% HP) [Xom's grace]
 18080 | D:14     | XOM: scenery: create altars
 18179 | D:14     | XOM: 1-stop teleportation journey
 18191 | D:14     | XOM: scenery: 1 doors open
 18346 | D:14     | XOM: polymorph troll -> queen bee
 18424 | D:14     | Reached skill level 5 in Armour
 18455 | D:14     | XOM: summons friendly iron imp
 18503 | D:14     | XOM: cloud trail
 18535 | D:14     | Noticed Frances
 18582 | D:14     | XOM: cast spell 'Metabolic Englaciation'
 18593 | D:14     | Killed Frances
 18789 | D:14     | XOM: divination: magic mapping
 19054 | D:14     | XOM: cast spell 'Disjunction'
 19062 | D:14     | XOM: harmless Pois miscast
 19105 | D:15     | Entered Level 15 of the Dungeon
 19115 | D:15     | XOM: cleaving
 19159 | D:15     | XOM: harmless Fire miscast
 19256 | D:15     | XOM: potion effect (curing)
 19284 | D:15     | XOM: divination: magic mapping
 19313 | D:15     | XOM: potion effect (invisibility)
 19431 | D:15     | XOM: stat loss: -1 Dex (13/14)
 19435 | D:15     | XOM: mild Necr miscast
 19455 | D:15     | XOM: cast spell 'Chain of Chaos'
 19490 | D:15     | XOM: mild Tloc miscast
 19496 | D:15     | XOM: polymorph two-headed ogre -> swamp worm
 19501 | D:15     | XOM: swap monsters
 19502 | D:15     | Found a staircase to the Depths.
 19503 | D:15     | XOM: noise
 19511 | D:15     | XOM: give mutations
 19511 | D:15     | Lost mutation: You are resistant to hostile enchantments. (MR+) [Xom's mischief]
 19511 | D:15     | Lost mutation: Armour fits poorly on your strangely shaped body. [Xom's mischief]
 19511 | D:15     | Lost mutation: Your spells are much harder to cast, but much more powerful. [Xom's mischief]
 19511 | D:15     | Lost mutation: You are weak. (Str -2) [Xom's mischief]
 19582 | D:15     | XOM: summons friendly quasit
 19718 | D:15     | XOM: scenery: create altars
 19798 | D:15     | XOM: fog
 19840 | D:15     | Reached XP level 15. HP: 129/144 MP: 21/21
 19877 | D:15     | XOM: potion effect (brilliance)
 19911 | D:15     | XOM: enchant monster (good)
 19916 | D:15     | XOM: scenery: create altars
 20208 | D:15     | Noticed an iron dragon
 20214 | D:15     | XOM: scenery: create altars
 20215 | D:15     | Noticed a shadow dragon
 20215 | D:15     | an iron dragon changed into a shadow dragon
 20218 | D:14     | XOM: summons 14 friendly demons
 20219 | D:14     | Noticed an iron dragon
 20219 | D:14     | a shadow dragon changed into an iron dragon
 20220 | D:14     | Noticed an iron giant
 20220 | D:14     | an iron dragon changed into an iron giant
 20221 | D:14     | Noticed a shard shrike
 20221 | D:14     | an iron giant changed into a shard shrike
 20223 | D:14     | Noticed a juggernaut
 20223 | D:14     | a shard shrike changed into a juggernaut
 20343 | Orc:1    | Entered Level 1 of the Orcish Mines
 20415 | Orc:1    | XOM: medium Summ miscast
 20666 | Orc:1    | XOM: chaos upgrade
 20702 | Orc:1    | Paralysed by an orc sorcerer for 4 turns
 20704 | Orc:1    | Gained mutation: Your magical capacity is low. (-10% MP) [a neqoxec]
 20705 | Orc:1    | Gained mutation: You tend to lose your temper in combat. [a neqoxec]
 20721 | Orc:1    | Found a roughly hewn altar of Beogh.
 20792 | Orc:1    | Found Hely's Armour Shop.
 20997 | Orc:1    | XOM: mild Air miscast
 21097 | Orc:2    | Entered Level 2 of the Orcish Mines
 21407 | Orc:2    | XOM: stat loss: -1 Str (17/18)
 21497 | Orc:2    | XOM: polymorph orc wizard -> river rat
 21505 | Orc:1    | XOM: blink monster(s)
 21739 | Orc:2    | Noticed an orc warlord
 21760 | Orc:2    | Killed an orc warlord
 21770 | Orc:2    | Found a roughly hewn altar of Beogh.
 21794 | Orc:2    | XOM: cast spell 'Chain of Chaos'
 21813 | Orc:2    | XOM: confuse monster(s)
 21887 | Orc:2    | Found Cuuniorgh's Antique Weapon Shoppe.
 22045 | Orc:2    | Found a staircase to the Elven Halls.
 22052 | Orc:2    | XOM: god gift: 12 arrows
 22075 | Orc:2    | Found a roughly hewn altar of Beogh.
 22227 | Orc:2    | Found Lucoluet's Jewellery Shoppe.
 22242 | Orc:2    | Found Teid's Antique Armour Shoppe.
 22249 | Orc:2    | Bought an ichor-stained helmet for 285 gold pieces
 22254 | Orc:2    | Identified the cursed +0 helmet of Indomitability {rC+} (You bought it in a shop on level 2 of the Orcish Mines)
 22276 | Orc:2    | Found Pompaj's General Store.
 22283 | Orc:2    | Bought the cursed +0 chain mail of Tomorrow {rF+ rC- Regen+ Int+3} for 251 gold pieces
 22635 | Lair:4   | XOM: give mutations
 22635 | Lair:4   | Gained mutation: Your mind is very acute. (Int +4) [Xom's grace]
 22635 | Lair:4   | Gained mutation: You have a pair of small antennae on your head. [Xom's grace]
 22727 | Lair:6   | XOM: god gift: wand of paralysis (14)
 22806 | Lair:6   | Noticed Josephine
 22809 | Lair:6   | Noticed Josephine
 22809 | Lair:6   | Josephine changed into Josephine the moth of wrath
 22809 | Lair:6   | XOM: polymorph Josephine -> Josephine the moth of wrath
 22822 | Lair:6   | Killed Josephine the moth of wrath
 22861 | Lair:6   | XOM: 8-stop teleportation journey
 22870 | Lair:6   | XOM: 1-stop teleportation journey
 22941 | Lair:6   | Noticed Kirke
 22960 | Lair:6   | XOM: confuse monster(s)
 22963 | Lair:6   | XOM: confuse monster(s)
 22974 | Lair:6   | XOM: fake destruction
 22978 | Lair:6   | Killed Kirke
 23093 | Lair:6   | XOM: harmless Summ miscast
 23126 | Lair:6   | XOM: harmless Fire miscast
 23133 | Lair:6   | XOM: 3-stop teleportation journey
 23167 | Lair:6   | Found a runed door.
 23199 | Lair:6   | XOM: cast spell 'Monstrous Menagerie'
 23202 | Lair:6   | Reached skill level 16 in Unarmed Combat
 23274 | Lair:6   | XOM: confuse monster(s)
 23275 | Lair:6   | XOM: cast spell 'Alistair's Intoxication'
 23331 | Lair:6   | XOM: confuse monster(s)
 23979 | Orc:2    | Bought an uncursed ring of poison resistance for 260 gold pieces
 24130 | Spider:1 | Entered Level 1 of the Spider Nest
 24143 | Spider:1 | XOM: 2-stop teleportation journey
 24167 | Spider:1 | XOM: cast spell 'Summon Hydra'
 24186 | Spider:1 | XOM: enchant monster (good)
 24192 | Spider:1 | XOM: polymorph tarantella -> shapeshifter
 24201 | Spider:1 | XOM: potion effect (invisibility)
 24208 | Spider:1 | XOM: confuse monster(s)
 24210 | Spider:1 | XOM: enchant monster (bad)
 24352 | Spider:1 | XOM: 1-stop teleportation journey
 24489 | Spider:1 | Noticed Aizul
 24518 | Spider:1 | Killed Aizul
 24527 | Spider:1 | XOM: god gift: scroll of noise
 24541 | Spider:1 | XOM: harmless Summ miscast
 24628 | Spider:1 | XOM: god gift: 48 gold pieces
 24680 | Spider:1 | XOM: cast spell 'Cause Fear'
 24694 | Spider:1 | Reached XP level 16. HP: 154/154 MP: 19/19
 24790 | Spider:1 | Noticed Agnes
 24815 | Spider:1 | Killed Agnes
 24842 | Spider:1 | XOM: enchant monster (good)
 25004 | Spider:1 | XOM: harmless Ice miscast
 25412 | Spider:1 | Noticed Nikola
 25412 | Spider:1 | XOM: potion effect (agility)
 25419 | Spider:1 | XOM: potion effect (agility)
 25425 | Spider:1 | Killed Nikola
 25691 | Spider:2 | XOM: harmless Conj miscast
 25902 | Spider:2 | XOM: potion effect (invisibility)
 25940 | Spider:2 | XOM: cast spell 'Olgreb's Toxic Radiance'
 26009 | Spider:2 | XOM: summons friendly ufetubus
 26386 | Spider:2 | Noticed Jorgrun
 26387 | Spider:2 | XOM: cast spell 'Shadow Creatures'
 26399 | Spider:2 | Killed Jorgrun
 26785 | Spider:2 | XOM: god gift: 20 stones
 26841 | Spider:3 | XOM: swap monsters
 26997 | Spider:3 | XOM: cleaving
 27000 | Spider:3 | XOM: potion effect (berserk rage)
 27004 | Spider:3 | XOM: divination: magic mapping
 27024 | Spider:3 | XOM: potion effect (curing)
 27113 | Spider:3 | Noticed Arachne
 27118 | Spider:3 | XOM: cleaving
 27133 | Spider:3 | Killed Arachne
 27562 | Spider:3 | XOM: confuse monster(s)
 27769 | Spider:3 | XOM: harmless Pois miscast
 28033 | Spider:3 | XOM: swap monsters
 28036 | Spider:3 | Reached skill level 15 in Shields
 28205 | Spider:4 | Entered Level 4 of the Spider Nest
 28215 | Spider:4 | Noticed Asterion
 28242 | Spider:4 | Killed Asterion
 28371 | Spider:4 | XOM: scenery: create altars
 28373 | Spider:4 | XOM: noise
 28379 | Spider:4 | XOM: potion effect (agility)
 28389 | Spider:4 | XOM: potion effect (might)
 28408 | Spider:4 | XOM: swap monsters
 28418 | Spider:4 | XOM: summons friendly white imp
 28424 | Spider:4 | Reached skill level 17 in Unarmed Combat
 28426 | Spider:4 | XOM: 5-stop teleportation journey
 28444 | Spider:4 | XOM: potion effect (agility)
 28769 | Spider:4 | Reached XP level 17. HP: 125/164 MP: 20/20
 28875 | Spider:3 | XOM: fog
 28960 | Spider:2 | XOM: cloud trail
 29163 | Spider:4 | XOM: harmless Ice miscast
 29488 | Orc:2    | XOM: harmless Chrm miscast
 29530 | Elf:1    | Entered Level 1 of the Elven Halls
 29592 | Elf:1    | XOM: cast spell 'Disjunction'
 29604 | Elf:1    | XOM: summons 2 hostile shadow creatures
 29654 | Elf:1    | Noticed Donald
 29654 | Elf:1    | Donald changed into Donald the azure jelly
 29654 | Elf:1    | XOM: polymorph Donald -> Donald the azure jelly
 29661 | Elf:2    | XOM: give mutations
 29661 | Elf:2    | Lost mutation: You have a pair of small antennae on your head. [Xom's mischief]
 29661 | Elf:2    | Lost mutation: Your spells are harder to cast, but more powerful. [Xom's mischief]
 29661 | Elf:2    | Lost mutation: You are very robust. (+20% HP) [Xom's mischief]
 29765 | Elf:2    | XOM: blink monster(s)
 29803 | Elf:2    | XOM: mild Chrm miscast
 29812 | Elf:2    | XOM: harmless Hex miscast
 29826 | Elf:2    | XOM: noise
 29880 | Elf:2    | Found a runed gate.
 29915 | Elf:2    | XOM: confuse monster(s)
 29995 | Elf:2    | XOM: cleaving
 30011 | Elf:2    | XOM: summons 5 hostile demons
 30187 | Elf:1    | Identified the Compendium of Stolen Souls
 30210 | Elf:1    | XOM: mild Chrm miscast
 30272 | Elf:1    | XOM: noise
 30413 | Elf:1    | XOM: blink monster(s)
 30420 | Elf:1    | XOM: medium Pois miscast
 30429 | Elf:1    | XOM: smoke on damage
 30516 | Elf:1    | Found an ancient bone altar of Kikubaaqudgha.
 30725 | Elf:1    | XOM: blink monster(s)
 30733 | Elf:1    | XOM: polymorph orc high priest -> satyr
 30735 | Elf:1    | XOM: mild Erth miscast
 30740 | Elf:1    | XOM: mild Hex miscast
 30749 | Elf:1    | XOM: fake destruction
 31097 | Elf:2    | Found a runed gate.
 31098 | Elf:2    | Found a runed gate.
 31260 | Elf:2    | XOM: mild Necr miscast
 31445 | Elf:2    | XOM: god gift: robe {god gift}
 31676 | Spider:4 | XOM: scenery: create altars
 31705 | Spider:4 | XOM: smoke on damage
 31835 | Spider:4 | XOM: cast spell 'Alistair's Intoxication'
 31866 | Spider:4 | XOM: fog
 31875 | Spider:4 | Reached skill level 10 in Armour
 31922 | Spider:4 | Got a gossamer rune of Zot
 31997 | Spider:4 | XOM: cleaving
 32007 | Spider:4 | Reached skill level 18 in Unarmed Combat
 32108 | Spider:3 | XOM: summons 5 friendly demons
 32159 | Spider:2 | XOM: cloud trail
 32228 | Shoals:1 | Entered Level 1 of the Shoals
 32290 | Shoals:1 | XOM: confuse monster(s)
 32346 | Shoals:1 | XOM: cast spell 'Statue Form'
 32352 | Shoals:1 | XOM: silly message
 32492 | Shoals:1 | XOM: potion effect (haste)
 32702 | Shoals:1 | XOM: enchant monster (bad)
 32783 | Shoals:1 | Found Echome Temip's Book Emporium.
 32800 | Shoals:1 | Bought a book of Changes for 300 gold pieces
 32806 | Shoals:1 | Learned a level 5 spell: Blade Hands
 32936 | Shoals:1 | XOM: divination: detect creatures
 33168 | Shoals:2 | Found Voicodd's Magic Scroll Shoppe.
 33175 | Shoals:2 | Reached XP level 18. HP: 104/161 MP: 21/21
 33190 | Shoals:2 | Reached skill level 1 in Transmutations
 33270 | Shoals:2 | XOM: polymorph merfolk siren -> guardian serpent
 33276 | Shoals:2 | XOM: enchant monster (bad)
 33376 | Shoals:2 | Bought a scroll of acquirement for 832 gold pieces
 33422 | Shoals:2 | XOM: harmless Summ miscast
 33436 | Shoals:2 | Found Cusish's General Store.
 33444 | Shoals:2 | Bought a box of beasts for 340 gold pieces
 33444 | Shoals:2 | Bought a scroll of teleportation for 51 gold pieces
 33444 | Shoals:2 | Bought a scroll of teleportation for 51 gold pieces
 33667 | Shoals:2 | XOM: potion effect (curing)
 33681 | Shoals:2 | Found Owad Nai's Jewellery Boutique.
 33700 | Shoals:2 | XOM: divination: detect creatures
 33746 | Shoals:2 | Noticed yann's ghost (adept SpEn)
 33806 | Shoals:2 | Killed yann's ghost
 34033 | Shoals:3 | XOM: summons 7 friendly demons
 34040 | Shoals:3 | XOM: enchant monster (good)
 34145 | Shoals:3 | XOM: god gift: wand of disintegration (12)
 34291 | Shoals:3 | Found a gateway to a bazaar.
 34292 | Shoals:3 | XOM: potion effect (berserk rage)
 34302 | Shoals:3 | XOM: potion effect (invisibility)
 34334 | Shoals:3 | XOM: divination: detect creatures
 34477 | Shoals:3 | XOM: potion effect (invisibility)
 34489 | Shoals:3 | XOM: blink monster(s)
 34591 | Shoals:3 | XOM: divination: detect items
 34718 | Shoals:3 | XOM: divination: detect creatures
 34811 | Shoals:3 | Found a stormy altar of Qazlal.
 34829 | Shoals:3 | XOM: smoke on damage
 34834 | Shoals:3 | XOM: confuse monster(s)
 34951 | Shoals:3 | XOM: potion effect (haste)
 34983 | Shoals:3 | XOM: god gift: steaming lapis lazuli ring {god gift}
 34986 | Shoals:3 | Got a steaming lapis lazuli ring {god gift}
 34987 | Shoals:3 | Identified the ring "Bisoaph" {MP+9 Int+5 Dex+3} (Xom gifted it to you on level 3 of the Shoals)
 35153 | Shoals:4 | Entered Level 4 of the Shoals
 35225 | Shoals:4 | Noticed Ilsuiw
 35371 | Shoals:3 | XOM: potion effect (might)
 35416 | Shoals:4 | Killed Ilsuiw
 35480 | Shoals:4 | XOM: harmless Tloc miscast
 35524 | Shoals:4 | XOM: enchant monster (good)
 35566 | Shoals:4 | XOM: enchant monster (bad)
 35690 | Shoals:4 | XOM: cast spell 'Ring of Flames'
 35844 | Shoals:4 | XOM: polymorph manticore -> shining eye
 35845 | Shoals:4 | Lost mutation: Your spells are a little harder to cast, but a little more powerful. [a shining eye]
 35851 | Shoals:4 | XOM: swap monsters
 35853 | Shoals:4 | Reached skill level 5 in Transmutations
 35854 | Shoals:4 | XOM: chaos upgrade
 35855 | Shoals:4 | XOM: harmless Chrm miscast
 35979 | Shoals:4 | XOM: summons 5 hostile demons
 36016 | Shoals:4 | Cast into level 3 of the Abyss (merfolk impaler)
 36040 | Abyss:3  | XOM: harmless Tmut miscast
 36077 | Abyss:3  | XOM: scenery: create altars
 36086 | Abyss:3  | Found a shimmering altar of Xom.
 36102 | Abyss:3  | XOM: swap monsters
 36127 | Abyss:3  | XOM: harmless Ice miscast
 36147 | Abyss:3  | XOM: cleaving
 36266 | Abyss:3  | XOM: enchant monster (bad)
 36296 | Abyss:3  | XOM: smoke on damage
 36301 | Abyss:3  | Reached skill level 15 in Fighting
 36312 | Abyss:3  | XOM: potion effect (brilliance)
 36329 | Abyss:3  | XOM: potion effect (heal wounds)
 36381 | Abyss:3  | Noticed a bone dragon
 36385 | Abyss:3  | XOM: noise
 36411 | Abyss:3  | XOM: harmless Ice miscast
 36445 | Shoals:4 | Escaped the Abyss
 36489 | Shoals:4 | XOM: harmless Conj miscast
 36516 | Shoals:4 | XOM: cast spell 'Call Canine Familiar'
 36518 | Shoals:4 | XOM: divination: detect items
 36519 | Shoals:4 | XOM: confuse monster(s)
 36530 | Shoals:4 | XOM: confuse monster(s)
 36531 | Shoals:4 | XOM: enchant monster (bad)
 36533 | Shoals:4 | XOM: noise
 36536 | Shoals:4 | XOM: 2-stop teleportation journey
 36550 | Shoals:4 | XOM: potion effect (haste)
 36571 | Shoals:4 | Got a barnacled rune of Zot
 36589 | Shoals:4 | XOM: enchant monster (good)
 36916 | Vaults:1 | Entered Level 1 of the Vaults
 36930 | Vaults:1 | XOM: silly message
 37294 | D:13     | XOM: cleaving
 37376 | Vaults:1 | XOM: cast spell 'Monstrous Menagerie'
 37407 | Vaults:1 | XOM: divination: magic mapping
 37410 | Vaults:1 | Reached XP level 19. HP: 73/170 MP: 22/22
 37592 | Vaults:1 | XOM: enchant monster (good)
 37649 | Vaults:1 | XOM: polymorph vault warden -> frost giant
 37672 | Vaults:1 | XOM: divination: magic mapping
 37685 | Vaults:1 | XOM: give mutation
 37685 | Vaults:1 | Lost mutation: Your magical capacity is low. (-10% MP) [Xom's mischief]
 37731 | Vaults:1 | XOM: divination: detect creatures
 37742 | Vaults:1 | XOM: cast spell 'Ring of Flames'
 38215 | Vaults:1 | XOM: polymorph harpy -> golden eye
 38372 | Vaults:1 | XOM: polymorph vault sentinel -> tarantella
 38451 | Vaults:1 | XOM: noise
 38561 | Vaults:1 | XOM: cleaving
 38622 | Vaults:1 | XOM: divination: detect creatures
 38871 | Vaults:1 | XOM: divination: detect items
 39012 | Vaults:1 | XOM: cast spell 'Leda's Liquefaction'
 39019 | Vaults:1 | XOM: divination: magic mapping
 39330 | Vaults:2 | XOM: confuse monster(s)
 39341 | Vaults:2 | XOM: cast spell 'Olgreb's Toxic Radiance'
 39509 | Vaults:2 | XOM: potion effect (agility)
 39513 | Vaults:2 | XOM: divination: magic mapping
 39514 | Vaults:2 | XOM: confuse monster(s)
 39571 | Vaults:2 | XOM: divine lightning
 39713 | Vaults:2 | Reached skill level 1 in Spellcasting
 39748 | Vaults:2 | XOM: 3-stop teleportation journey
 39808 | Vaults:2 | XOM: divination: magic mapping
 39815 | Vaults:2 | XOM: polymorph death knight -> merfolk
 40068 | Vaults:2 | Found Voloibb's Weapon Shop.
 40214 | Vaults:2 | Identified Xom's Papyrus of Calamity (Xom gifted it to you on level 2 of the Vaults)
 40214 | Vaults:2 | XOM: god gift: Xom's Papyrus of Calamity
 40753 | Vaults:3 | XOM: divine lightning
 40772 | Vaults:3 | XOM: cloud trail
 40788 | Vaults:3 | XOM: enchant monster (good)
 40793 | Vaults:3 | XOM: cleaving
 40802 | Vaults:3 | Reached skill level 10 in Transmutations
 40813 | Vaults:3 | XOM: silly message
 40881 | Vaults:3 | XOM: cast spell 'Shadow Creatures'
 40982 | Vaults:3 | XOM: enchant monster (good)
 40985 | Vaults:3 | XOM: chaos upgrade
 41068 | Vaults:3 | XOM: confusion (+ monsters)
 41111 | Vaults:3 | XOM: confusion (+ monsters)
 41241 | Vaults:3 | Reached XP level 20. HP: 181/181 MP: 26/26
 41241 | Vaults:3 | XOM: swap monsters
 41269 | Vaults:3 | XOM: mild Air miscast
 41282 | Vaults:3 | XOM: harmless Erth miscast
 41330 | Vaults:3 | XOM: draining
 41555 | Vaults:3 | XOM: harmless Summ miscast
 41625 | Vaults:3 | XOM: cast spell 'Death Channel'
 41820 | Vaults:3 | XOM: 1-stop teleportation journey
 41842 | Vaults:3 | XOM: give mutations
 41842 | Vaults:3 | Lost mutation: You can translocate small distances at will. [Xom's mischief]
 41842 | Vaults:3 | Gained mutation: You are very robust. (+20% HP) [Xom's mischief]
 41842 | Vaults:3 | Gained mutation: Armour fits poorly on your strangely shaped body. [Xom's mischief]
 41848 | Vaults:3 | XOM: 1-stop teleportation journey
 41851 | Vaults:3 | XOM: enchant monster (good)
 41869 | Vaults:3 | XOM: confusion
 42000 | Vaults:3 | XOM: swap monsters
 42002 | Vaults:3 | XOM: destruction
 42007 | Vaults:3 | XOM: cleaving
 42015 | Vaults:3 | XOM: scenery: 1 doors close
 42067 | Vaults:3 | XOM: fake destruction
 42541 | Shoals:2 | Bought a scroll of teleportation for 48 gold pieces
 43003 | Vaults:3 | XOM: summons 5 friendly demons
 43009 | Vaults:3 | Reached skill level 5 in Spellcasting
 43193 | Vaults:3 | XOM: enchant monster (bad)
 43271 | Vaults:3 | XOM: chaos cloud
 43275 | Vaults:3 | XOM: summons friendly white imp
 43277 | Vaults:3 | XOM: polymorph white imp -> hell rat
 43522 | Vaults:3 | XOM: summons 3 friendly demons
 43552 | Vaults:3 | Found a staircase to the Crypt.
 43644 | Vaults:3 | XOM: scenery: 1 doors close
 43859 | Vaults:4 | XOM: 2-stop teleportation journey
 44068 | Vaults:4 | Paralysed by a great orb of eyes for 2 turns
 44093 | Vaults:4 | XOM: summons friendly ufetubus
 44179 | Vaults:4 | XOM: cloud trail
 44205 | Vaults:4 | XOM: divination: magic mapping
 44276 | Vaults:4 | XOM: destruction
 44466 | Vaults:4 | Learned a level 1 spell: Summon Butterflies
 44482 | Vaults:4 | Noticed Frederick
 44483 | Vaults:4 | XOM: cast spell 'Olgreb's Toxic Radiance'
 44492 | Vaults:4 | Killed Frederick
 44492 | Vaults:4 | Reached skill level 1 in Summonings
 44731 | Vaults:4 | XOM: god gift: 600 gold pieces
 44969 | Vaults:4 | XOM: divination: detect creatures
 45383 | Bazaar   | Entered a bazaar
 45385 | Bazaar   | Found Rulu's Food Boutique.
 45389 | Bazaar   | Found Koaneim's Book Boutique.
 45389 | Bazaar   | Found Raylying's Assorted Antiques.
 45390 | Bazaar   | Found Puoph's Magic Scroll Boutique.
 45420 | Bazaar   | Bought a scroll of acquirement for 676 gold pieces
 45424 | Bazaar   | Got a jewelled shield
 45435 | Bazaar   | Identified the +0 shield "Uskuret" {rN+++ Regen+ Str-5} (You acquired it in a bazaar)
 45452 | Bazaar   | Bought an embroidered scarf for 272 gold pieces
 45472 | Bazaar   | Bought a scroll of summoning for 123 gold pieces
 45480 | Bazaar   | Bought a scroll of enchant armour for 255 gold pieces
 45929 | Vaults:5 | Entered Level 5 of the Vaults
 46050 | Vaults:1 | XOM: cloud trail
 46103 | D:14     | XOM: confuse monster(s)
 46162 | Depths:1 | Entered Level 1 of the Depths
 46196 | Depths:1 | XOM: enchant monster (good)
 46218 | D:15     | XOM: noise
 46315 | Depths:1 | XOM: summons friendly ufetubus
 46380 | Depths:1 | XOM: divination: magic mapping
 46391 | Depths:1 | XOM: harmless Tmut miscast
 46599 | Depths:1 | XOM: enchant monster (good)
 46621 | Depths:1 | Found a gateway to Hell.
 46650 | Depths:1 | Reached XP level 21. HP: 163/208 MP: 28/31
 46714 | Depths:1 | XOM: 1-stop teleportation journey
 46717 | Depths:1 | XOM: cast spell 'Metabolic Englaciation'
 46719 | Depths:1 | XOM: harmless Fire miscast
 46726 | Depths:1 | XOM: cast spell 'Statue Form'
 46727 | Depths:1 | XOM: swap monsters
 46735 | Depths:1 | Reached skill level 5 in Summonings
 47252 | Depths:2 | XOM: chaos upgrade
 47258 | Depths:2 | XOM: 1-stop teleportation journey
 47274 | Depths:2 | HP: 10/208 [yaktaur/bolt (25)]
 47292 | Depths:2 | Killed from afar by a deep troll earth mage

Skill      XL: |  1  2  3  4  5  6  7  8  9 10 11 12 13 14 15 16 17 18 19 20 21 |
---------------+----------------------------------------------------------------+-----
Fighting       | 3 4 5 6 7 8 9 10 11 12 13 14 15 16 17 | 17.2
Unarmed Combat | 4 5 7 8 10 11 12 13 14 15 16 17 18 | 18.8
Dodging        | 3 5 6 7 8 9 |  9.1
Evocations     | 1 3 5 6 8 |  8.1
Shields        | 3 6 9 11 12 13 15 | 15.3
Armour         | 3 5 7 8 10 11 12 13 | 13.8
Transmutations | 7 10 12 | 12.0
Spellcasting   | 3 6 7 |  7.4
Summonings     | 4 6 |  6.1

Action                   |  1- 3 |  4- 6 |  7- 9 | 10-12 | 13-15 | 16-18 | 19-21 || total
-------------------------+-------+-------+-------+-------+-------+-------+-------++-------
Melee: Unarmed           |   136 |    67 |   486 |   909 |  2098 |  2326 |  1570 ||  7592
       Bite              |     9 |     2 |    55 |    65 |   280 |   277 |   261 ||   949
       Kick              |     2 |       |       |       |       |     9 |    11 ||    22
       Punch             |     1 |     3 |    23 |     8 |       |       |     9 ||    44
       Headbutt          |       |       |       |    91 |       |       |       ||    91
 Cast: Blade Hands       |       |       |       |       |       |     1 |     8 ||     9
 Abil: Blink             |       |       |       |       |     1 |       |       ||     1
Evoke: Wand              |       |       |     6 |    30 |    33 |    78 |    14 ||   161
       Box of beasts     |       |       |       |       |     4 |       |       ||     4
  Use: Potion            |    10 |    11 |    22 |    38 |    73 |    66 |    61 ||   281
       Scroll            |       |       |     8 |    14 |    22 |    15 |    16 ||    75
 Stab: Sleeping          |     4 |     3 |    10 |       |     1 |       |       ||    18
       Invisible         |     2 |     4 |       |     1 |    12 |    18 |     2 ||    39
       Confused          |       |       |     1 |     5 |     4 |     9 |     7 ||    26
       Paralysed         |       |       |       |    39 |    42 |    56 |     2 ||   139
       Distracted        |       |       |       |       |     4 |     1 |     3 ||     8
       Petrified         |       |       |       |       |    28 |       |    17 ||    45
       Petrifying        |       |       |       |       |       |       |     3 ||     3
Armor: Leather armour    |    17 |       |       |       |       |       |       ||    17
       Robe              |    20 |    16 |    96 |     7 |     8 |       |       ||   147
       Skin              |       |    24 |       |       |       |    18 |    11 ||    53
       Troll leather arm |       |       |       |   150 |   240 |       |       ||   390
       Chain mail        |       |       |       |       |   123 |   763 |   332 ||  1218
Dodge: Dodged            |    96 |    29 |   315 |   429 |   907 |   974 |   519 ||  3269
Block: Shield            |       |       |       |   356 |  1024 |  1492 |   701 ||  3573
       Reflection        |       |       |       |       |       |    75 |    37 ||   112
